 Dungeon Crawl Stone Soup version 0.17-a0-1882-g750edc8 (webtiles) character file.

140 4thArraOfDagon the Cudgeler (level 5, 0/32 HPs)
             Began as a Gargoyle Gladiator on Sept 22, 2015.
             Slain by a scorpion (2 damage)
             ... on level 5 of the Dungeon.
             The game lasted 00:03:04 (608 turns).

4thArraOfDagon the Cudgeler (Gargoyle Gladiator)     Turns: 608, Time: 00:03:04

Health: 0/32       AC:  8    Str: 18    XL:     5   Next: 22%
Magic:  5/5        EV: 12    Int: 10    God:
Gold:   38         SH:  0    Dex: 10    Spells: 0 memorised, 4 levels left

rFire  . . .     SeeInvis .     a - +0 flail
rCold  . . .     Clarity  .     b - +0 leather armour
rNeg   + . .     SustAt   .     (no shield)
rPois  ∞         Gourm    .     c - +0 helmet
rElec  +         Spirit   .     (no cloak)
rCorr  .         Warding  .     (no gloves)
rMut   .         Stasis   .     (no boots)
MR     .....                    (no amulet)
Stlth  +.........               (no ring)
                                (no ring)

@: not resistant to hostile enchantments, very unstealthy
A: negative energy resistance 1, electricity resistance, unbreathing,
petrification resistance, rot immunity, AC +4
a: no special abilities


You were on level 5 of the Dungeon.
You were not hungry.

You visited 1 branch of the dungeon, and saw 6 of its levels.

You collected 38 gold pieces.

Inventory:

Hand weapons
 a - a +0 flail (weapon)
Missiles
 d - 2 throwing nets (quivered)
Armour
 b - a +0 leather armour (worn)
 c - a +0 helmet (worn)
Magical devices
 g - a wand of confusion (2)
Scrolls
 i - a scroll of amnesia {unknown}
 j - 2 scrolls of identify {unknown}
 m - a scroll of magic mapping {unknown}
Books
 k - a book of Fire

   Spells                             Type                      Level
   a - Ignite Poison                  Fire/Transmutation/Poison    3
   b - Fireball                       Conjuration/Fire             5
   c - Bolt of Fire                   Conjuration/Fire             6
   d - Delayed Fireball               Conjuration/Fire             7
   e - Ring of Flames                 Charms/Fire                  7
 n - a book of the Earth

   Spells                             Type                      Level
   a - Leda's Liquefaction            Hexes/Earth                  4
   b - Bolt of Magma                  Conjuration/Fire/Earth       5
   c - Statue Form                    Transmutation/Earth          6
   d - Iron Shot                      Conjuration/Earth            6
   e - Shatter                        Earth                        9
Comestibles
 e - 2 bread rations
 f - 2 meat rations
 h - 2 fruits
 l - 4 chunks of flesh


   Skills:
 + Level 3.5 Fighting
 * Level 4.6 Maces & Flails
 - Level 2.0 Throwing
 + Level 3.0 Dodging


You had 4 spell levels left.
You didn't know any spells.

Dungeon Overview and Level Annotations

Branches:
Dungeon (6/15)
 Temple: D:4-7

Altars:


Innate Abilities, Weirdness & Mutations

You are resistant to torment.
Your stone body is resilient (AC +4).
You are immune to poison.
You resist negative energy.
You are resistant to electric shocks.
You can survive without breathing.
You are immune to petrification.
You are immune to rotting.


Message History

Unknown command.
Unknown command.
The scorpion closely misses you.
Unknown command.
Throwing (i - inventory):
d - 3 throwing nets (quivered)
Press: ? - help, Shift-Dir - straight line, f - ogre
Aim: an ogre, wielding a giant club You throw a throwing net.
The throwing net hits the ogre.
The ogre is caught in the net!
The scorpion stings you.
* * * LOW HITPOINT WARNING * * *
Unknown command.
You hit the ogre.
The ogre is lightly wounded.
The ogre struggles against the net.
The scorpion stings you.
* * * LOW HITPOINT WARNING * * *
Unknown command.
You hit the ogre.
The ogre is moderately wounded.
The ogre struggles against the net.
The scorpion stings you.
You die...

.... #...........#
.>...#######...........#
.....O.ZZ..'....)......#
###....#...........#
#....#...........#
#....#Z..........#
#....#.###########
######.###########.
#ZO@s.........
##############


You could see an ogre (caught), a scorpion and a hound zombie.

Vanquished Creatures
  An ogre (D:5)
  5 adders (D:2)
  An ooze (D:1)
  A giant gecko (D:2)
  4 goblins
  3 bats
  A giant gecko skeleton (D:4)
  3 giant newts
  2 kobolds
  3 rats
24 creatures vanquished.

Notes
Turn   | Place    | Note
--------------------------------------------------------------
     0 | D:1      | 4thArraOfDagon the Gargoyle Gladiator began the quest for the Orb.
     0 | D:1      | Reached XP level 1. HP: 12/12 MP: 1/1
    94 | D:1      | Reached XP level 2. HP: 12/18 MP: 2/2
   207 | D:2      | Reached XP level 3. HP: 8/22 MP: 3/3
   290 | D:2      | Reached skill level 4 in Maces & Flails
   345 | D:2      | Reached XP level 4. HP: 2/28 MP: 4/4
   355 | D:2      | You fall through a shaft!
   508 | D:5      | Entered Level 5 of the Dungeon
   508 | D:5      | Noticed an ogre
   514 | D:5      | HP: 1/28 [ogre/giant club (12)]
   521 | D:5      | Killed an ogre
   521 | D:5      | Reached XP level 5. HP: 2/32 MP: 5/5
   545 | D:5      | Noticed an ogre
   608 | D:5      | Slain by a scorpion

Vault maps used:
D:1:      nagdon_arrival_zigzag_paths, serial_glass, glass_columns_b,
          glass_columns_b, glass_columns_c, glass_columns_b, glass_columns_b,
          glass_columns_a, glass_columns_c, glass_columns_b, glass_columns_a,
          glass_columns_a
D:3:      first_bread, nicolae_tso_carved_into_rock, uniq_natasha
D:4:      serial_shops, nicolae_shop_stone
D:5:      nicolae_ru_path_of_blood, uniq_edmund
D:6:      lemuel_temple_firewalk

Action                   |  1- 3 |  4- 6 || total
-------------------------+-------+-------++-------
Melee: Flail             |    80 |    27 ||   107
Throw: Throwing net      |       |     4 ||     4
Evoke: Wand              |     5 |     2 ||     7
 Stab: Confused          |     4 |       ||     4
